[Event "76th Montenegro Championship 2024"]
[Site "Podgorica"]
[Date "2024.02.14"]
[Round "10.2"]
[White "Petrov, Nikita"]
[Black "Smirnov, Artem"]
[Result "1-0"]
[ECO "E18"]
[WhiteElo "2563"]
[BlackElo "2406"]
[Annotator "RC"]
[PlyCount "151"]
[EventDate "2024.02.06"]
[EventType "swiss"]
[EventCountry "MNE"]
[SourceTitle "playchess.com"]
[Source "ChessBase"]
[SourceQuality "1"]
[TimeControl "40/5400+30:1800+30"]

1. Nf3 Nf6 2. c4 b6 3. g3 Bb7 4. d4 e6 5. Bg2 Be7 6. O-O d5 7. cxd5 exd5 8. Nc3 O-O 9. Bf4 Nbd7 10. Rc1 c6 11. h4 Re8 12. e3 Bb4 13. Qc2 Nf8 14. Ne5 Ne6 15. Rfd1 Rc8 16. Qb1 Qe7 17. Nd3 Bxc3 18. bxc3 c5 19. dxc5 bxc5 20. c4 Ba8 21. Be5 dxc4 22. Bxf6 Qxf6 23. Rxc4 Bxg2 24. Kxg2 Red8 25. Ne1 Rb8 26. Rxd8+ Qxd8 27. Qc2 Rb4 28. Rc3 Qd5+ 29. Nf3 h6 30. a3 Rb6 31. Qa4 Qc6 32. Qxc6 Rxc6 33. Nd4 Nxd4 34. exd4 c4 35. Kf3 Kf8 36. Ke4 Ra6 37. Kd5 Ke7 38. Kc5 Kd7 39. Kb5 Rf6 40. f4 Rc6 41. Rxc4 Rb6+ 42. Kc5 Rc6+ 43. Kb4 Rb6+ 44. Kc5 Rc6+ 45. Kd5 Rd6+ 46. Ke4 Re6+ 47. Kf3 Ra6 48. a4 Rb6 49. Kg4 Rg6+ 50. Kf3 Rb6 51. Rc5 Rb4 52. Ra5 Rxd4 53. Rxa7+ Ke6 54. h5 Rc4 55. a5 Rc3+ 56. Kg4 f5+ 57. Kh3 Kf6 58. Ra6+ Kf7 59. Rb6 Ra3 60. Rb7+ Kf6 61. Rb6+ Kf7 62. a6 Ra2 63. Rg6 Kf8 64. Rc6 Kf7 65. Rc7+ Kf6 66. a7 g5 67. Rc6+ Kg7 68. Rg6+ Kh7 69. fxg5 hxg5 70. Rxg5 f4 71. g4 Rxa7 72. Rf5 Ra3+ 73. Kh4 f3 74. Rf7+ Kg8 75. Rf4 Kg7 76. g5 1-0

[Event "76th Montenegro Championship 2024"]
[Site "Podgorica"]
[Date "2024.02.14"]
[Round "10.3"]
[White "Kalezic, Blazo"]
[Black "Draskovic, Luka"]
[Result "1/2-1/2"]
[ECO "C50"]
[WhiteElo "2407"]
[BlackElo "2481"]
[Annotator "TA"]
[PlyCount "40"]
[EventDate "2024.02.06"]
[EventType "swiss"]
[EventCountry "MNE"]
[SourceTitle "playchess.com"]
[Source "ChessBase"]
[SourceQuality "1"]
[TimeControl "40/5400+30:1800+30"]

1. e4 e5 2. Nf3 Nc6 3. Bc4 d6 4. c3 f5 5. d3 f4 6. b4 {[%emt 0:03:16] White is more active.} Qf6 7. Qb3 Nh6 8. a4 {[%emt 0:01:04][%cal Od3d4] White is slightly better.} Nf7 9. Bb2 Ncd8 10. Nbd2 g5 11. O-O-O Bd7 12. Ne1 a5 {[%emt 0:06:20] [#]} 13. b5 Ne6 {[%emt 0:03:59] [#]} 14. d4 $1 Bg7 15. Bxe6 ({Better is} 15. Nd3 $14) 15... Bxe6 $11 {[%emt 0:01:06] The position is equal.} 16. d5 Bd7 17. h3 O-O 18. f3 b6 19. Nd3 h5 20. Rdg1 Rfe8 {[%emt 0:07:09] Weighted Error Value: White=0.12 (very precise) /Black=0.06 (flawless) .  Mistake:       	White=1     	---        Inaccurate:     	---       	Black=1      OK:         	White=7     	Black=5} 1/2-1/2

[Event "76th Montenegro Championship 2024"]
[Site "Podgorica"]
[Date "2024.02.14"]
[Round "10.4"]
[White "Ivanovic, Bozidar"]
[Black "Nikcevic, Nebojsa"]
[Result "1-0"]
[ECO "C64"]
[WhiteElo "2403"]
[BlackElo "2338"]
[Annotator "RC"]
[PlyCount "187"]
[EventDate "2024.02.06"]
[EventType "swiss"]
[EventCountry "MNE"]
[SourceTitle "playchess.com"]
[Source "ChessBase"]
[SourceQuality "1"]
[TimeControl "40/5400+30:1800+30"]

1. e4 e5 2. Nf3 Nc6 3. Bb5 a6 4. Ba4 Bc5 5. O-O Nge7 6. c3 Ba7 7. d3 O-O 8. Nbd2 Ng6 9. Bb3 d6 10. Nc4 h6 11. Be3 b5 12. Ncd2 Bxe3 13. fxe3 Na5 14. Bc2 c5 15. a3 Be6 16. b4 Nc6 17. Qe2 Qc7 18. Rfc1 Rfb8 19. Qf2 a5 20. d4 Nce7 21. dxc5 dxc5 22. bxc5 Qxc5 23. Bb3 Bxb3 24. Nxb3 Qc6 25. Nbd2 a4 26. Ne1 Rd8 27. c4 Qd6 28. Nef3 b4 29. c5 Qb8 30. axb4 Qxb4 31. Rab1 Qa5 32. Nc4 Qxc5 33. Nb6 Qa5 34. Nxa8 Rxa8 35. Nd2 Qa6 36. Nc4 Rc8 37. Qa2 Qc6 38. Qc2 h5 39. Qd3 Qe6 40. Nd2 Ra8 41. Qc4 Qd7 42. Nf3 Qg4 43. h3 Qg3 44. Rf1 a3 45. Qa2 Ra6 46. Rb3 Kh7 47. Rxa3 Rxa3 48. Qxa3 Ng8 49. Qa8 f6 50. Qa2 Nf8 51. Qf7 Ng6 52. Qa2 Nh8 53. Qe2 Nh6 54. Rb1 N8f7 55. Qf2 Qg6 56. Rb4 Ng5 57. Nxg5+ Qxg5 58. Qf3 h4 59. Qf2 Qh5 60. Kh2 Qg5 61. Rb7 Kh8 62. Rc7 Kh7 63. Rc1 Qh5 64. Rg1 Qg5 65. Qf3 Kh8 66. g3 hxg3+ 67. Rxg3 Qh4 68. Rg6 Nf7 69. Rg4 Qh6 70. Qg3 g5 71. Qf3 Kg7 72. Rg2 Qg6 73. Rd2 g4 74. Qxg4 Qxg4 75. hxg4 Ng5 76. Ra2 Nxe4 77. Kh3 Kg6 78. Ra4 Ng5+ 79. Kg3 Kg7 80. Ra7+ Kg6 81. Kf2 Ne4+ 82. Kf3 Ng5+ 83. Ke2 Ne4 84. Rc7 Ng5 85. Kd3 Ne6 86. Rc8 Ng5 87. Kc4 Ne4 88. Kd5 Nf2 89. Ke6 Nxg4 90. Rg8+ Kh5 91. e4 f5 92. exf5 e4 93. f6 e3 94. Rh8+ 1-0

[Event "76th Montenegro Championship 2024"]
[Site "Podgorica"]
[Date "2024.02.14"]
[Round "10.5"]
[White "Tomic, Aleksandar"]
[Black "Vukcevic, Nemanja"]
[Result "0-1"]
[ECO "C41"]
[WhiteElo "2398"]
[BlackElo "2275"]
[Annotator "TA"]
[PlyCount "66"]
[EventDate "2024.02.06"]
[EventType "swiss"]
[EventCountry "MNE"]
[SourceTitle "playchess.com"]
[Source "ChessBase"]
[SourceQuality "1"]
[TimeControl "40/5400+30:1800+30"]

1. e4 d6 2. d4 Nf6 3. Nc3 e5 4. Nf3 Nbd7 5. Bc4 Be7 6. O-O O-O 7. Re1 a6 8. a4 b6 9. h3 Bb7 10. b3 c6 {[%emt 0:06:14] The position is equal.} 11. d5 c5 (11... cxd5 $11 {keeps the balance.} 12. Nxd5 (12. Bxd5 Qc7 $11) 12... Nxd5 13. Bxd5 Qc7) 12. Bf1 Ne8 13. Nd2 {[%emt 0:01:33] Black is weak on the light squares} g6 14. Nc4 f5 15. Bh6 Rf7 16. f4 (16. Be2 $16) 16... exf4 $11 17. Bxf4 g5 18. e5 {[%emt 0:02:24] e6 would now be deadly.} dxe5 (18... gxf4 {is more complex.} 19. e6 Rg7 20. exd7 Nf6) 19. Bxe5 Nxe5 20. Nxe5 Rg7 {[%emt 0:00:53] [#]} 21. Qf3 ({White should play} 21. Nc6 $1 $16 Bxc6 22. dxc6) 21... Nd6 $14 22. Nc6 {[%emt 0:00:42] A dynamic duo of knights.} Qf8 23. Nxe7+ Rxe7 24. Qg3 f4 (24... Rg7 $1 $11 {remains equal.}) 25. Qxg5+ $16 Rg7 26. Qh5 (26. Qh4 $16) 26... f3 $11 {[%emt 0:03:58] ...f2+ is the strong threat.} 27. Re5 $2 (27. Re6 $11 {and White stays safe.}) 27... Qf4 $19 28. Ne4 {[%emt 0:08:22] [#]} (28. Rd1 $142 Rf8 29. Ne2 (29. Kh1 $2 Qg3 $19) 29... fxe2 30. Qxe2) 28... Rf8 $1 {[%emt 0:06:15] ( -> ...fxg2)} 29. Bd3 (29. Rg5 f2+) 29... Nxe4 $2 (29... Qe3+ {mates} 30. Kh2 Nxe4 (30... Rxg2+ 31. Kh1 Nxe4 32. Qxh7+ Kxh7 33. Bxe4+ Kg7 34. Re7+ Rf7 35. Rxf7+ Kxf7 36. Rf1 Qxe4 37. d6 f2 38. d7 Rg8+ 39. Kh2 Qg2#) 31. Qxh7+ Kxh7 (31... Rxh7 $2 32. Rxe4 Qh6 33. Bf1 $19) 32. Bxe4+ Kh8 (32... Kg8 $2 33. Bh7+ Kxh7 34. Rxe3 $19) 33. Rh5+ Kg8 34. Rg1 f2 (34... Qxe4 35. g4 f2 36. Rf1 Rf3 37. Rh6 Qf4+ 38. Kh1) 35. Bh7+ Rxh7 36. Rd1 Rxh5 37. g3 f1=N+ (37... f1=R 38. Rxf1 Rf2+ 39. Rxf2 Qxf2+ 40. Kh1 Bxd5#) 38. Rxf1 Rf2+ 39. Rxf2 Qxf2+ 40. Kh1 Bxd5#) 30. Rxe4 $15 Rxg2+ $40 {[%emt 0:00:47][%mdl 128] Black is up to no good.} 31. Kf1 Rg1+ $1 32. Kf2 $2 (32. Kxg1 $15 Qg3+ 33. Kf1 Qg2+ 34. Ke1 f2+ 35. Kd1 Qxe4 36. Qg5+ (36. Bxe4 $2 f1=Q+ 37. Kd2 Qf2+ 38. Kc1 Qe3+ 39. Kb2 Qxe4 $19) 36... Kh8 37. Kd2) 32... Qd2+ (32... Rxa1 33. Rxf4 Rxf4 34. Qg5+ (34. Qxh7+ Kf8 $18) 34... Kf7 35. Qxf4+ Ke8 36. d6 (36. Qxf3 Bxd5 37. Qxd5 Ra2 $18) (36. Qb8+ Kf7 37. Qxb7+ Kf6 38. d6 Rf1+ 39. Bxf1 Kf5 40. Qxh7+ Kf6 41. d7 Ke5 42. d8=Q a5 43. Qh5+ Kf4 44. Qdh4#) 36... Kd7 37. Qf8 (37. Bxh7 Rd1 $18) (37. Bxh7 Rd1 $18)) 33. Re2 fxe2+ {[%emt 0:00:11] Weighted Error Value: White=1.13/Black=0.25 (precise) .  Loses game:     	White=2     	---        Mistake:       	White=4     	Black=2      Inaccurate:     	White=3     	Black=1      OK:         	White=6     	Black=8      Best:        	White=2     	Black=4      Strong:       	---       	Black=2} 0-1

[Event "76th Montenegro Championship 2024"]
[Site "Podgorica"]
[Date "2024.02.14"]
[Round "10.6"]
[White "Nenezic, Danilo"]
[Black "Drasko, Milan"]
[Result "0-1"]
[ECO "C02"]
[WhiteElo "2086"]
[BlackElo "2339"]
[Annotator "RC"]
[PlyCount "60"]
[EventDate "2024.02.06"]
[EventType "swiss"]
[EventCountry "MNE"]
[SourceTitle "playchess.com"]
[Source "ChessBase"]
[SourceQuality "1"]
[TimeControl "40/5400+30:1800+30"]

1. e4 e6 2. d4 d5 3. e5 c5 4. c3 Nc6 5. Nf3 Bd7 6. dxc5 Bxc5 7. b4 Bb6 8. Bd3 Bc7 9. Qe2 Qb8 10. Bf4 f6 11. exf6 Nxf6 12. Bxc7 Qxc7 13. b5 Nd8 14. Ne5 O-O 15. O-O Nf7 16. f4 Nxe5 17. fxe5 Ne4 18. Re1 Bxb5 19. Bxb5 Qc5+ 20. Qe3 Qxb5 21. Nd2 Nxd2 22. Qxd2 Qc5+ 23. Re3 Rf4 24. Kh1 Raf8 25. h3 Qc4 26. Rg3 Qe4 27. Qe1 Qxe1+ 28. Rxe1 Rf1+ 29. Rxf1 Rxf1+ 30. Kh2 Re1 0-1

[Event "76th Montenegro Championship 2024"]
[Site "Podgorica"]
[Date "2024.02.14"]
[Round "10.7"]
[White "Milovic, Jovan"]
[Black "Djurovic, Peko"]
[Result "1/2-1/2"]
[ECO "D05"]
[WhiteElo "2223"]
[BlackElo "2332"]
[Annotator "RC"]
[PlyCount "22"]
[EventDate "2024.02.06"]
[EventType "swiss"]
[EventCountry "MNE"]
[SourceTitle "playchess.com"]
[Source "ChessBase"]
[SourceQuality "1"]
[TimeControl "40/5400+30:1800+30"]

1. d4 d5 2. Nf3 Nf6 3. e3 e6 4. Bd3 c5 5. O-O c4 6. Be2 b5 7. b3 Bb7 8. Ne5 Bd6 9. f4 Nc6 10. Nc3 b4 11. Na4 Nb8 1/2-1/2

[Event "76th Montenegro Championship 2024"]
[Site "Podgorica"]
[Date "2024.02.14"]
[Round "10.8"]
[White "Skvortsova, Alena"]
[Black "Podlesnik, Bogdan"]
[Result "1/2-1/2"]
[ECO "B45"]
[WhiteElo "2111"]
[BlackElo "2284"]
[Annotator "TA"]
[PlyCount "20"]
[EventDate "2024.02.06"]
[EventType "swiss"]
[EventCountry "MNE"]
[SourceTitle "playchess.com"]
[Source "ChessBase"]
[SourceQuality "1"]
[TimeControl "40/5400+30:1800+30"]

1. e4 c5 2. Nf3 e6 3. d4 cxd4 4. Nxd4 Nf6 5. Nc3 Nc6 6. Ndb5 Bc5 7. Bf4 {[%emt 0:00:35] [#] Nc7+ wäre nun fies.} O-O 8. Bc7 Qe7 {[%emt 0:00:09] ...d5 ist eine echte Drohung.} 9. Bd6 $1 Bxd6 10. Qxd6 Ne8 {[%emt 0:00:40] Weiß übernahm nach der Eröffnung die Kontrolle.   Gewichteter Fehlerwert: Weiß=0.00 (makellos) /Schwarz=0.00 (makellos) .  OK:         	Weiß=1     	Schwarz=3     Stark:        	Weiß=1     	---} 1/2-1/2

[Event "76th Montenegro Championship 2024"]
[Site "Podgorica"]
[Date "2024.02.14"]
[Round "10.9"]
[White "Zherebtsova, Alexandra"]
[Black "Sukovic, Andrej"]
[Result "1/2-1/2"]
[ECO "E46"]
[WhiteElo "2270"]
[BlackElo "2339"]
[Annotator "RC"]
[PlyCount "105"]
[EventDate "2024.02.06"]
[EventType "swiss"]
[EventCountry "MNE"]
[SourceTitle "playchess.com"]
[Source "ChessBase"]
[SourceQuality "1"]
[TimeControl "40/5400+30:1800+30"]

1. d4 Nf6 2. c4 e6 3. Nc3 Bb4 4. e3 O-O 5. Bd2 d6 6. Nf3 Re8 7. a3 Bxc3 8. Bxc3 Ne4 9. Qc2 Nxc3 10. Qxc3 Qe7 11. Rd1 Nd7 12. Be2 e5 13. dxe5 dxe5 14. O-O a5 15. b4 axb4 16. axb4 Nf6 17. Ra1 Bg4 18. Rxa8 Rxa8 19. Ra1 Rxa1+ 20. Qxa1 Qxb4 21. Qa8+ Qf8 22. Qxb7 e4 23. Nd4 c5 24. Bxg4 cxd4 25. Bd1 dxe3 26. fxe3 Qd8 27. Be2 g6 28. Qb2 Nd7 29. Qa3 Qf8 30. Qa7 Qd6 31. Qa8+ Kg7 32. Qxe4 Kf8 33. Qd4 Ke7 34. Bf3 Qb4 35. h3 Qb1+ 36. Kh2 Qb8+ 37. Kg1 Qd6 38. Bd5 Qf6 39. c5 Ne5 40. c6 Qd6 41. Qa7+ Kd8 42. Qa8+ Ke7 43. Qb7+ Kd8 44. Qb6+ Ke8 45. Qb5 Ke7 46. Qb3 Qc5 47. Kh2 h5 48. Qb7+ Kd6 49. e4 Nf3+ 50. Kg3 h4+ 51. Kxf3 Qc3+ 52. Ke2 Qc2+ 53. Ke1 1/2-1/2

[Event "76th Montenegro Championship 2024"]
[Site "Podgorica"]
[Date "2024.02.14"]
[Round "10.10"]
[White "Pobor, Milo"]
[Black "Vujosevic, Vladimir"]
[Result "0-1"]
[ECO "C57"]
[WhiteElo "2201"]
[BlackElo "2335"]
[Annotator "RC"]
[PlyCount "56"]
[EventDate "2024.02.06"]
[EventType "swiss"]
[EventCountry "MNE"]
[SourceTitle "playchess.com"]
[Source "ChessBase"]
[SourceQuality "1"]
[TimeControl "40/5400+30:1800+30"]

1. e4 e5 2. Nf3 Nc6 3. Bc4 Nf6 4. Ng5 d5 5. exd5 b5 6. Bf1 Nxd5 7. Qf3 Qd7 8. Bxb5 Bb7 9. O-O f6 10. c4 Nb6 11. d4 a6 12. Bxc6 Bxc6 13. d5 Bb7 14. Ne4 Nxc4 15. Nbc3 Nb6 16. Rd1 Rd8 17. Qe2 Qf7 18. Be3 Nxd5 19. Qc4 Be7 20. Nxd5 Bxd5 21. Qxc7 Bxe4 22. Bc5 Bd3 23. Qc6+ Kf8 24. Bb6 Qd5 25. Qc3 Rd7 26. Qc8+ Bd8 27. Rac1 Kf7 28. Rc5 Qb7 0-1

[Event "76th Montenegro Championship 2024"]
[Site "Podgorica"]
[Date "2024.02.14"]
[Round "10.11"]
[White "Scekic, Veljko"]
[Black "Skvortsov, Andrei"]
[Result "1-0"]
[ECO "B54"]
[WhiteElo "2206"]
[BlackElo "2307"]
[Annotator "RC"]
[PlyCount "120"]
[EventDate "2024.02.06"]
[EventType "swiss"]
[EventCountry "MNE"]
[SourceTitle "playchess.com"]
[Source "ChessBase"]
[SourceQuality "1"]
[TimeControl "40/5400+30:1800+30"]

1. e4 c5 2. Nf3 a6 3. d4 cxd4 4. Nxd4 d6 5. c4 e5 6. Nc2 Nc6 7. Nc3 Be6 8. Be3 g6 9. Be2 Bh6 10. Bxh6 Nxh6 11. Qd2 Ng8 12. O-O-O Qb6 13. f4 O-O-O 14. Nd5 Qa5 15. Qxa5 Nxa5 16. fxe5 dxe5 17. Nb6+ Kc7 18. Rxd8 Kxd8 19. Rd1+ Ke8 20. b4 Nc6 21. Nd5 Nh6 22. a4 Kf8 23. b5 Nb8 24. Nb6 Ke7 25. Nb4 f5 26. Bf3 f4 27. N4d5+ Kf7 28. Nc7 Ke7 29. c5 axb5 30. axb5 Nd7 31. Nxe6 Nxb6 32. cxb6 Kxe6 33. Kb2 Rc8 34. Kb3 g5 35. h3 Rc5 36. Be2 Ke7 37. Bc4 Rc8 38. Bd5 Rd8 39. Rc1 Rd7 40. Rc8 Nf7 41. Bc6 Rd3+ 42. Kc2 Rg3 43. Rc7+ Kf6 44. Rxb7 Rxg2+ 45. Kd3 Nd6 46. Rd7 Rg3+ 47. Ke2 Ke6 48. b7 Nxb7 49. Rxb7 h5 50. Rh7 g4 51. Rxh5 Re3+ 52. Kf1 g3 53. Rg5 Rf3+ 54. Kg1 Rc3 55. b6 Rc1+ 56. Kg2 Rc2+ 57. Kf1 Rc1+ 58. Ke2 Rc2+ 59. Kd3 Rb2 60. b7 f3 1-0

[Event "76th Montenegro Championship 2024"]
[Site "Podgorica"]
[Date "2024.02.14"]
[Round "10.12"]
[White "Nikac, Predrag"]
[Black "Vujovic, Savo"]
[Result "0-1"]
[ECO "C50"]
[WhiteElo "2304"]
[BlackElo "2137"]
[Annotator "RC"]
[PlyCount "70"]
[EventDate "2024.02.06"]
[EventType "swiss"]
[EventCountry "MNE"]
[SourceTitle "playchess.com"]
[Source "ChessBase"]
[SourceQuality "1"]
[TimeControl "40/5400+30:1800+30"]

1. e4 e5 2. Nf3 Nc6 3. Bc4 Bc5 4. O-O Nf6 5. d3 a6 6. Be3 d6 7. a4 Bg4 8. Nbd2 O-O 9. h3 Bh5 10. Re1 Nd4 11. Bxd4 Bxd4 12. c3 Ba7 13. Nf1 c6 14. Ng3 Bg6 15. a5 Nh5 16. Nxh5 Bxh5 17. g4 Bg6 18. Kg2 d5 19. Bb3 dxe4 20. dxe4 Qf6 21. Qe2 Rad8 22. Rad1 h5 23. Ng1 Qf4 24. Qf3 Rxd1 25. Bxd1 Qd2 26. Qe2 Rd8 27. gxh5 Bxe4+ 28. f3 Qg5+ 29. Kh1 Rd2 30. fxe4 Rxe2 31. Bxe2 Qg3 32. Nf3 Qxh3+ 33. Nh2 Bf2 34. Bg4 Qh4 35. Re2 Qg3 0-1

[Event "76th Montenegro Championship 2024"]
[Site "Podgorica"]
[Date "2024.02.14"]
[Round "10.13"]
[White "Ratkovic, Milorad"]
[Black "Draganic, Veljko"]
[Result "0-1"]
[ECO "B12"]
[WhiteElo "2063"]
[BlackElo "2323"]
[Annotator "TA"]
[PlyCount "44"]
[EventDate "2024.02.06"]
[EventType "swiss"]
[EventCountry "MNE"]
[SourceTitle "playchess.com"]
[Source "ChessBase"]
[SourceQuality "1"]
[TimeControl "40/5400+30:1800+30"]

1. e4 c6 2. d4 d5 3. e5 c5 4. dxc5 e6 5. Bd3 Bxc5 6. Qg4 Ne7 $1 7. Nf3 Nbc6 8. O-O {[%emt 0:00:49] White is slightly better.} Ng6 9. Nc3 Nb4 10. Bg5 Qc7 11. Bxg6 fxg6 (11... hxg6 $14 12. Qg3 Nc6) 12. a3 $1 $18 ({Resist} 12. Nb5 $6 Qd7 13. a4 (13. Nd6+ Bxd6 14. exd6 Qxd6 $14) 13... a6 $14) 12... Nc6 {[%emt 0:00:00][%cal Oe8g8] [#]} 13. b4 $1 Nxe5 {[%emt 0:00:00] [#]} 14. Nxe5 $2 ({Only move:} 14. Nb5 $1 $18 Nxf3+ 15. Qxf3) 14... Qxe5 $11 15. Nb5 (15. bxc5 {simplifies} Qxc3 16. Qb4 Qxb4 17. axb4 O-O 18. Bd2) 15... Bd6 16. g3 Bb8 $1 (16... O-O 17. Rae1 Qf5 18. Qxf5 Rxf5 19. Nxd6) 17. c4 O-O {[%emt 0:00:00] Hoping for ...dxc4.} 18. Rfe1 (18. Be7 $1 $15 Qf5 19. Qxf5 Rxf5 20. cxd5) 18... Qb2 (18... h5 $17 19. Qh4 Qf5) 19. Qe2 (19. Be3 $11 {and White is okay.}) 19... Qxe2 $19 20. Rxe2 dxc4 {[%emt 0:00:00] ...Rf5 would now be deadly.} 21. Nc3 e5 22. Rd1 $2 (22. Ne4) 22... Bg4 {[%emt 0:00:00] Black used his chance.   Weighted Error Value: White=0.39/Black=0.22 (precise) .  Missed win:     	White=1     	---        Mistake:       	White=3     	Black=2      Inaccurate:     	White=2     	Black=2      OK:         	White=3     	Black=6      Best:        	---       	Black=2      Strong:       	White=2     	Black=2} 0-1

[Event "76th Montenegro Championship 2024"]
[Site "Podgorica"]
[Date "2024.02.15"]
[Round "10.14"]
[White "Miletic, Vuk"]
[Black "Milovic, Ilija"]
[Result "1/2-1/2"]
[ECO "D03"]
[WhiteElo "2213"]
[BlackElo "1823"]
[Annotator "RC"]
[PlyCount "75"]
[EventDate "2024.02.06"]
[EventType "swiss"]
[EventCountry "MNE"]
[SourceTitle "playchess.com"]
[Source "ChessBase"]
[SourceQuality "1"]
[TimeControl "40/5400+30:1800+30"]

1. d4 d5 2. Nf3 Nf6 3. Bg5 e6 4. e3 Be7 5. Nbd2 O-O 6. Bd3 b6 7. Qe2 Bb7 8. h4 Nbd7 9. c3 c5 10. Bf4 Ne4 11. Ng5 Ndf6 12. Be5 h6 13. Ngxe4 Nxe4 14. Bxe4 dxe4 15. Qg4 Bf6 16. Bxf6 Qxf6 17. Nxe4 Qf5 18. Qxf5 exf5 19. Nd6 Bxg2 20. Rg1 Be4 21. dxc5 bxc5 22. O-O-O Rfd8 23. Rg3 Rd7 24. f3 Rad8 25. fxe4 Rxd6 26. Rxd6 Rxd6 27. exf5 g6 28. Kc2 Kg7 29. b4 Kf6 30. fxg6 fxg6 31. Rg4 cxb4 32. cxb4 Ra6 33. Kb3 Re6 34. e4 h5 35. Rf4+ Ke5 36. Rf7 a6 37. a4 Kxe4 38. b5 1/2-1/2

[Event "76th Montenegro Championship 2024"]
[Site "Podgorica"]
[Date "2024.02.14"]
[Round "10.15"]
[White "Koljevic, Nikolina"]
[Black "Popovic, Mateja"]
[Result "0-1"]
[ECO "B48"]
[WhiteElo "1974"]
[BlackElo "1880"]
[Annotator "NA RC"]
[PlyCount "64"]
[EventDate "2024.02.06"]
[EventType "swiss"]
[EventCountry "MNE"]
[SourceTitle "playchess.com"]
[Source "ChessBase"]
[SourceQuality "1"]
[TimeControl "40/5400+30:1800+30"]

1. e4 c5 2. Nf3 e6 3. d4 cxd4 4. Nxd4 Nc6 5. Nc3 Qc7 6. Be3 a6 7. Qf3 Nf6 8. O-O-O Ne5 9. Qg3 b5 10. Nf3 d6 11. Nxe5 dxe5 12. f3 Bd7 13. Bd4 Bd6 14. Be3 O-O 15. Bh6 Ne8 16. h4 b4 17. Nb1 Rc8 18. Rd2 f5 19. h5 f4 20. Qg4 Kh8 21. Bxg7+ Nxg7 22. h6 Ne8 23. Bxa6 Ra8 24. Bc4 Rg8 25. Qh4 Bc5 26. Kd1 Be3 27. Rd3 Qxc4 28. Rxd7 Rxg2 29. Nd2 Qxa2 30. c4 Qxc4 31. Rxh7+ Kxh7 32. Qe7+ Kg6 0-1

[Event "76th Montenegro Championship 2024"]
[Site "Podgorica"]
[Date "2024.02.14"]
[Round "10.16"]
[White "Musovic, Armin"]
[Black "Kadic, Branislav"]
[Result "1-0"]
[ECO "A00"]
[WhiteElo "2268"]
[BlackElo "1970"]
[Annotator "TA"]
[PlyCount "103"]
[EventDate "2024.02.06"]
[EventType "swiss"]
[EventCountry "MNE"]
[SourceTitle "playchess.com"]
[Source "ChessBase"]
[SourceQuality "1"]
[TimeControl "40/5400+30:1800+30"]

1. a3 Nf6 2. Nf3 d5 3. d4 c6 4. c4 Bf5 5. Nc3 e6 6. g3 (6. Nh4 $14) 6... Be7 7. Bg2 O-O 8. O-O {[%emt 0:01:08] The position is equal.} Nbd7 9. Nd2 h6 10. e4 dxe4 11. Ndxe4 Nxe4 12. Nxe4 Bxe4 13. Bxe4 Nf6 14. Bg2 Qd7 15. Be3 Rad8 16. Qf3 Rfe8 17. Rac1 Nh7 18. h4 Bf6 19. Rfd1 Qe7 20. b4 Rd7 21. d5 cxd5 22. cxd5 ({White should play} 22. Bxa7 {Bc5 would now be deadly.} d4 23. c5) 22... b6 $16 {[%emt 0:01:33] Black is weak on the light squares} 23. dxe6 Rxd1+ (23... Qxe6 $142 24. Rxd7 Qxd7) 24. Qxd1 Qxe6 25. Rc7 $1 Re7 {[%emt 0:01:06] [#]} 26. Qd8+ Re8 27. Qd5 Qxd5 28. Bxd5 {[%emt 0:00:05] This pair of bishops is nice.} Re7 29. Rc8+ Nf8 {[%emt 0:00:12] [#]} 30. Ra8 (30. h5 $1 $18) 30... g5 $1 $14 31. a4 {[%emt 0:01:26] White is more active.} Kg7 32. a5 {[%emt 0:00:15] And now hxg5 would win.} Re5 {[%emt 0:04:09] This costs Black the game.} (32... gxh4 $14 33. a6 (33. axb6 axb6 34. gxh4 Re5 $14) 33... hxg3) 33. Bb3 Ne6 $2 (33... Re7 34. hxg5 (34. axb6 axb6 35. hxg5 hxg5 $18) 34... hxg5) 34. Rxa7 bxa5 35. Rxa5 (35. bxa5 gxh4 36. gxh4) 35... Re4 36. Bxe6 fxe6 37. hxg5 hxg5 $18 {[%emt 0:00:20][%mdl 4096] Endgame. KRB-KRB} 38. b5 (38. Bxg5 $6 Rxb4 39. Ra7+ Kg6 $14) 38... Rb4 39. b6 Kg6 40. Ra8 {[%emt 0:00:00] Dodges Bd8} Kf5 41. Rf8 Kg6 42. Kf1 Kg7 (42... e5 $142 43. g4 e4) 43. Rc8 Be5 44. Ke2 ({Less strong is} 44. Bxg5 Rxb6 45. Rc4 Rb5 $16) 44... Kf7 45. Kd3 ({Weaker is} 45. Bxg5 Rxb6 46. Rc4 Rb5 $16) 45... Bd6 {[%emt 0:01:16] [#] Repels Bc5} (45... Rb3+ {is tougher.} 46. Ke4 Bd6) 46. Rc7+ $1 {[%emt 0:01:07][%mdl 512] White is clearly winning.} Kf6 47. Rd7 Be5 48. Bc5 Rb1 49. Kc4 Rb2 50. Rd3 {[%emt 0:02:32] Black must now prevent Rf3+.} Kf7 51. Rf3+ Ke8 52. Re3 {[%emt 0:00:11] Weighted Error Value: White=0.21 (precise) /Black=0.37.  Mistake:       	White=3     	Black=5      Inaccurate:     	---       	Black=4      OK:         	White=20    	Black=11     Best:        	White=1     	Black=3      Strong:       	White=1     	Black=1} 1-0

[Event "76th Montenegro Championship 2024"]
[Site "Podgorica"]
[Date "2024.02.14"]
[Round "10.17"]
[White "Krstonijevic, Stjepan"]
[Black "Grbovic, Dino"]
[Result "1-0"]
[ECO "D00"]
[WhiteElo "2108"]
[BlackElo "1946"]
[Annotator "NA RC"]
[PlyCount "89"]
[EventDate "2024.02.06"]
[EventType "swiss"]
[EventCountry "MNE"]
[SourceTitle "playchess.com"]
[Source "ChessBase"]
[SourceQuality "1"]
[TimeControl "40/5400+30:1800+30"]

1. d4 Nf6 2. Nc3 d5 3. Bf4 g6 4. Qd2 Bf5 5. h3 h5 6. e3 Bg7 7. Bd3 Bxd3 8. Qxd3 c6 9. Nf3 Nbd7 10. O-O O-O 11. Ne5 Nxe5 12. Bxe5 Nd7 13. Bxg7 Kxg7 14. e4 dxe4 15. Nxe4 Nf6 16. Rfe1 Nxe4 17. Qxe4 e6 18. Qe5+ Qf6 19. c3 Rfd8 20. Qc7 Rab8 21. Re3 Rdc8 22. Qa5 a6 23. Rae1 Qd8 24. Qe5+ Qf6 25. Qg3 Qd8 26. Rxe6 fxe6 27. Rxe6 Qf6 28. Rxf6 Kxf6 29. Qd6+ Kf7 30. Kh2 Rf8 31. Qc7+ Ke6 32. Kg3 Kd5 33. Qe5+ Kc4 34. Qe2+ Kd5 35. Qe5+ Kc4 36. Qe2+ Kd5 37. Qc2 Rf5 38. Qb3+ Kd6 39. f3 Rf6 40. h4 Re6 41. Qb6 Re7 42. c4 Re2 43. d5 g5 44. dxc6 gxh4+ 45. Kh3 1-0